 Dungeon Crawl Stone Soup version 0.25-a0-571-gb5e01bddfa (webtiles) character file.

Game seed: 1742161454670524507, levelgen mode: deterministic

9 Amnekian the Chiller (level 2, -9/22 HPs)
             Began as a Naga Ice Elementalist on Feb 29, 2020.
             Killed from afar by a rat (22 damage)
             ... with an exploding inner flame
             ... hexed by the player character
             ... on level 1 of the Dungeon.
             The game lasted 00:02:37 (760 turns).

Amnekian the Chiller (Naga Ice Elementalist)         Turns: 760, Time: 00:02:37

Health: -9/22      AC:  4    Str: 10    XL:     2   Next: 12%
Magic:  4/5        EV:  2    Int: 15    God:
Gold:   17         SH:  0    Dex: 11    Spells: 4/5 levels left

rFire    . . .     SeeInvis +   h - +0 dagger
rCold    . . .     Gourm    .   (no shield)
rNeg     . . .     Faith    .   f - +0 chain mail (curse)
rPois    +         Spirit   .   (no helmet)
rElec    .         Reflect  .   (no cloak)
rCorr    .         Harm     .   (no gloves)
MR       .....                  (no barding)
Stlth    ..........             (no amulet)
HPRegen  0.07/turn              (no ring)
MPRegen  0.09/turn              (no ring)

@: very slightly contaminated, very slow
A: large, see invisible, deformed body, poison resistance, slowness 2, slow
metabolism 1, spit poison 1, AC +0
a: Spit Poison


You were on level 1 of the Dungeon.
You were not hungry.

You visited 1 branch of the dungeon, and saw 1 of its levels.

You collected 17 gold pieces.

Inventory:

Hand Weapons
 h - a +0 dagger (weapon)
Armour
 a - a +0 robe
 b - a +0 ring mail
 f - a cursed +0 chain mail (worn)
Jewellery
 d - an uncursed ring of wizardry {unknown}
Potions
 g - 2 potions of heal wounds {unknown}
 i - a potion of resistance {unknown}
Comestibles
 c - 4 rations
 j - a chunk of flesh


   Skills:
 - Level 1.5 Dodging
 + Level 3.5 Stealth
 - Level 2.0 Spellcasting
 * Level 4.3 Ice Magic


You had 4 spell levels left.
You knew the following spells:

 Your Spells              Type           Power        Failure   Level  Hunger
a - Freeze                Ice            ##..         98%         1    #......

Your spell library contained the following spells:

 Spells                   Type           Power        Failure   Level  Hunger
 Frozen Ramparts          Ice            ##....       100%        3    ###....
 Ozocubu's Armour         Chrm/Ice       #.......     100%        3    ###....
 Hailstorm                Conj/Ice       #.......     100%        4    #####..
 Summon Ice Beast         Ice/Summ       #.......     100%        4    #####..


Dungeon Overview and Level Annotations

Branches:
Dungeon (1/15)

Altars:


Innate Abilities, Weirdness & Mutations

You cannot wear boots.
Your serpentine skin is tough. (AC +0)
You have supernaturally acute eyesight. (SInv)
Armour fits poorly on your strangely shaped body.
Your system is resistant to poisons. (rPois)
You cover ground very slowly.
You have a slow metabolism.
You can spit poison.


Message History

Take off which item? (? for menu, Esc to quit)
Okay, then.
Really read the scroll of immolation? [Y]es or [N]o only, please.
Really read the scroll of immolation?
As you read the scroll of immolation, it crumbles to dust.
The creatures around you are filled with an inner flame!
The rat bites you but does no damage.
You hit the rat but do no damage. The rat bites you but does no damage.
You closely miss the rat. The rat bites you but does no damage.
You hit the rat but do no damage. The rat completely misses you.
You closely miss the rat. The rat bites you but does no damage.
You barely miss the rat. The rat bites you but does no damage.
You completely miss the rat. The rat bites you but does no damage.
You closely miss the rat. The rat bites you but does no damage.
You hit the rat.
The rat explodes!
The fiery explosion engulfs you!!
Ouch! That really hurt!
You die...

#......# #.#
#....###
###.#### #.##
##..## #.#
#..## #..# #.#
##...###..###.
##.##
##..#.g........
#...##
#.b.#.b........
#....#
#÷#...###..###.
#....####g#..##
#..#
####..@§gb#.##
##..##
########.#
#....# #..
#..##..#
#...... [..(.
######......
#...... #......
###...# #....


You could see a hobgoblin (inner flame), a goblin (inner flame) and a bat (inner
flame).

Vanquished Creatures
  A leopard gecko (D:1)
  A goblin (D:1)
  2 jackals (D:1)
  A bat (D:1)
  A frilled lizard (D:1)
  2 rats (D:1)
8 creatures vanquished.

Notes
Turn   | Place    | Note
-------+----------+-------------------------------------------
     0 | D:1      | Amnekian the Naga Ice Elementalist began the quest for the
                  | Orb.
     0 | D:1      | Reached XP level 1. HP: 15/15 MP: 3/3
   550 | D:1      | Reached XP level 2. HP: 12/22 MP: 1/5
   760 | D:1      | Killed from afar by a rat

Levels and vault maps discovered:
D:1:      onia_arrival_mini_spirals, layout_loops_cross, grunt_decor_resistance,
          palyth_stone_intersect, minmay_tromino_v2

Action                   || total
-------------------------++-------
Melee: Unarmed           ||    21
       Dagger            ||    35
 Cast: Freeze            ||     3
  Use: Scroll            ||     2
Armor: Chain mail        ||    74
       Robe              ||     9
Dodge: Dodged            ||    30

Table legend:
 A = Non-vault XP
 B = Vault XP
 C = Vault XP percentage of total XP
 D = Non-vault monster count
 E = Vault monster count
 F = Vault count percentage of total count
                 A         B        C        D         E       F
            +---------+---------+-------+---------+---------+-------
      Total |      13 |       0 |   0.0 |       8 |       0 |   0.0
            +---------+---------+-------+---------+---------+-------
        D:1 |      13 |       0 |   0.0 |       8 |       0 |   0.0
            +---------+---------+-------+---------+---------+-------
